[ AOE2 MATCH · #470394563 ]
Team RMKoreans vs Ethiopians
[ REPLAY ANALYSIS · EXTRACTED FROM THE RECORDED GAME ]
Feudal
11:32
Castle
20:11
Imperial
36:24
| APM avg | 18.2 |
| APM peak | 48 |
| eAPM avg | 12.1 |
| Villagers / military | 114 / 239 |
Focus
⚔️ 27.1% · 🌾 72.9%
Skirmisher ×152 · Spearman ×51 · Hand Cannoneer ×23 · Knight ×6 · Iron Pagoda ×3 · Fire Lancer ×3
Feudal
12:20
Castle
18:00
Imperial
33:21
| APM avg | 19.0 |
| APM peak | 55 |
| eAPM avg | 13.3 |
| Villagers / military | 130 / 544 |
Focus
⚔️ 38.4% · 🌾 61.6%
Spearman ×197 · Chu Ko Nu ×178 · Skirmisher ×145 · Militia ×12 · Trebuchet (Packed) ×10 · Knight ×2
Feudal
10:57
Castle
19:53
Imperial
28:03
| APM avg | 28.3 |
| APM peak | 72 |
| eAPM avg | 14.5 |
| Villagers / military | 83 / 345 |
Focus
⚔️ 35.4% · 🌾 64.6%
Scout Cavalry ×186 · Archer ×133 · Shotel Warrior ×18 · Petard ×3 · Spearman ×2 · Trebuchet (Packed) ×2
Feudal
10:11
Castle
17:31
Imperial
31:54
| APM avg | 77.4 |
| APM peak | 122 |
| eAPM avg | 44.8 |
| Villagers / military | 185 / 580 |
Focus
⚔️ 27.7% · 🌾 72.3%
Scout Cavalry ×212 · Cavalry Archer ×156 · Skirmisher ×111 · Archer ×74 · Steppe Lancer ×11 · Trebuchet (Packed) ×6
Match map
Initial resources + every placement click. Lines = walls · curves = elevation contours. ◆ gold · ⬟ stone · ● berries · ✦ relic · ◌ wall gap
Your base· ✓ Closed at 20:11 · 10t walls · 3 gate(s)
chuckKOnorris's base· ✓ Closed at 18:00 · 0t walls · 3 gate(s)
Myrakaru's base· ✓ Closed at 19:53 · 0t walls · 3 gate(s)
TrainArmyPlease's base· ✓ Closed at 17:31 · 0t walls · 3 gate(s)
Smoothed initial terrain · ◌ = detected wall gap · hover for details
Inputs per minute
— Hectorelchief1 - - chuckKOnorris
Build order — Hectorelchief1
First 150 of 361 actions detected
| 0:05 | Build | House |
| 0:06 | Build | House |
| 0:09 | Create | Villager (Male) |
| 0:09 | Create | Villager (Male) |
| 0:10 | Create | Villager (Male) |
| 0:10 | Create | Villager (Male) |
| 0:10 | Create | Villager (Male) |
| 1:01 | Build | House |
| 1:40 | Create | Villager (Male) |
| 1:40 | Create | Villager (Male) |
| 2:07 | Build | House |
| 2:20 | Create | Villager (Male) |
| 2:20 | Create | Villager (Male) |
| 2:31 | Create | Villager (Male) |
| 2:32 | Create | Villager (Male) |
| 3:13 | Create | Villager (Male) |
| 3:32 | Create | Villager (Male) |
| 3:54 | Create | Villager (Male) |
| 3:54 | Create | Villager (Male) |
| 4:20 | Create | Villager (Male) |
| 4:21 | Create | Villager (Male) |
| 4:31 | Build | Lumber Camp |
| 5:07 | Create | Villager (Male) |
| 5:49 | Create | Villager (Male) |
| 5:49 | Create | Villager (Male) |
| 7:15 | Build | Mill |
| 7:40 | Research | Loom |
| 7:42 | Create | Villager (Male) |
| 7:43 | Create | Villager (Male) |
| 7:43 | Create | Villager (Male) |
| 7:44 | Research | Loom |
| 8:41 | Research | Feudal Age |
| 9:43 | Build | House |
| 9:50 | Create | Villager (Male) |
| 9:50 | Create | Villager (Male) |
| 10:18 | Build | Barracks |
| 10:24 | Build | House |
| 10:26 | Build | House |
| 11:32 | Age | Feudal Age |
| 11:33 | Research | Double-Bit Axe |
| 11:38 | Create | Villager (Male) |
| 11:38 | Create | Villager (Male) |
| 11:40 | Research | Horse Collar |
| 11:53 | Build | House |
| 11:55 | Create | Spearman |
| 11:55 | Create | Spearman |
| 12:43 | Create | Villager (Male) |
| 12:43 | Create | Villager (Male) |
| 12:59 | Build | House |
| 13:02 | Build | House |
| 13:15 | Build | Mining Camp |
| 13:18 | Create | Villager (Male) |
| 13:25 | Build | Farm |
| 13:26 | Build | Farm |
| 13:27 | Build | Farm |
| 13:29 | Build | Farm |
| 13:31 | Build | Farm |
| 13:32 | Build | Farm |
| 13:35 | Create | Villager (Male) |
| 13:55 | Build | House |
| 14:04 | Build | Farm |
| 14:06 | Create | Villager (Male) |
| 14:43 | Create | Villager (Male) |
| 14:48 | Build | Farm |
| 14:49 | Build | Farm |
| 14:50 | Build | Farm |
| 14:52 | Build | Farm |
| 15:07 | Build | Farm |
| 15:10 | Create | Villager (Male) |
| 15:49 | Build | House |
| 15:56 | Create | Villager (Male) |
| 16:07 | Build | Market |
| 16:27 | Build | House |
| 16:44 | Build | Blacksmith |
| 17:21 | Build | Stable |
| 17:31 | Research | Castle Age |
| 17:44 | Build | Archery Range |
| 17:54 | Build | Palisade Wall |
| 17:55 | Build | Palisade Wall |
| 18:41 | Research | Forging |
| 18:44 | Research | Fletching |
| 19:20 | Build | Archery Range |
| 20:11 | Age | Castle Age |
| 20:16 | Build | Town Center |
| 20:18 | Research | Bow Saw |
| 20:23 | Research | Elite Skirmisher (upgrade) |
| 20:27 | Create | Knight |
| 20:27 | Create | Knight |
| 20:33 | Create | Villager (Male) |
| 20:33 | Create | Villager (Male) |
| 20:34 | Create | Villager (Male) |
| 20:34 | Create | Villager (Male) |
| 20:46 | Create | Villager (Male) |
| 21:13 | Create | Villager (Male) ×2 |
| 21:19 | Build | Farm |
| 21:25 | Build | Farm |
| 21:28 | Build | Farm |
| 21:50 | Create | Villager (Male) ×3 |
| 22:10 | Create | Skirmisher |
| 22:10 | Create | Skirmisher |
| 22:16 | Create | Skirmisher |
| 22:39 | Build | Monastery |
| 22:55 | Create | Villager (Male) ×5 |
| 23:07 | Create | Villager (Male) |
| 23:16 | Build | Town Center |
| 23:32 | Research | Squires |
| 23:36 | Create | Villager (Male) |
| 24:03 | Create | Skirmisher ×5 |
| 24:18 | Create | Villager (Male) |
| 24:29 | Create | Monk |
| 24:35 | Create | Skirmisher ×4 |
| 24:53 | Create | Villager (Male) |
| 25:33 | Build | University |
| 26:20 | Research | Ballistics |
| 26:28 | Create | Knight |
| 26:28 | Create | Knight |
| 26:53 | Create | Skirmisher ×5 |
| 26:56 | Create | Villager (Male) ×5 |
| 27:36 | Create | Villager (Male) ×5 |
| 27:36 | Create | Villager (Male) ×5 |
| 27:46 | Build | Lumber Camp |
| 27:53 | Create | Villager (Male) |
| 28:01 | Build | Farm |
| 28:01 | Build | Farm |
| 28:01 | Build | Farm |
| 28:01 | Build | Farm |
| 28:02 | Build | Farm |
| 28:02 | Build | Farm |
| 28:26 | Create | Villager (Male) ×3 |
| 28:26 | Create | Villager (Male) ×3 |
| 28:38 | Build | Farm |
| 28:42 | Build | Farm |
| 28:50 | Build | Siege Workshop |
| 29:03 | Build | Castle |
| 29:10 | Build | House |
| 29:10 | Build | House |
| 29:10 | Build | House |
| 29:10 | Build | House |
| 29:11 | Build | House |
| 29:11 | Build | House |
| 29:11 | Build | House |
| 29:11 | Build | House |
| 29:12 | Build | House |
| 29:12 | Build | House |
| 29:13 | Build | House |
| 29:13 | Build | House |
| 29:13 | Build | House |
| 29:38 | Build | Farm |
| 29:40 | Build | Farm |
| 29:43 | Create | Villager (Male) ×5 |
Build order — chuckKOnorris
First 150 of 413 actions detected
| 0:16 | Research | Loom |
| 0:53 | Create | Villager (Male) |
| 1:33 | Create | Villager (Male) |
| 1:34 | Create | Villager (Male) |
| 1:34 | Create | Villager (Male) |
| 2:07 | Create | Villager (Male) |
| 2:07 | Create | Villager (Male) |
| 2:08 | Create | Villager (Male) |
| 2:30 | Create | Villager (Male) |
| 2:30 | Create | Villager (Male) |
| 2:31 | Create | Villager (Male) |
| 2:55 | Build | House |
| 3:00 | Build | House |
| 3:02 | Build | House |
| 3:11 | Create | Villager (Male) |
| 3:12 | Create | Villager (Male) |
| 3:12 | Create | Villager (Male) |
| 3:12 | Create | Villager (Male) |
| 3:12 | Create | Villager (Male) |
| 4:13 | Create | Villager (Male) |
| 4:13 | Create | Villager (Male) |
| 4:13 | Create | Villager (Male) |
| 5:19 | Build | Mill |
| 5:35 | Create | Villager (Male) |
| 5:36 | Create | Villager (Male) |
| 5:36 | Create | Villager (Male) |
| 5:36 | Create | Villager (Male) |
| 5:37 | Create | Villager (Male) |
| 6:05 | Build | Lumber Camp |
| 6:33 | Create | Villager (Male) |
| 6:33 | Create | Villager (Male) |
| 6:33 | Create | Villager (Male) |
| 6:57 | Create | Villager (Male) |
| 6:57 | Create | Villager (Male) |
| 7:26 | Create | Villager (Male) |
| 7:26 | Create | Villager (Male) |
| 8:27 | Build | Farm |
| 8:28 | Build | Farm |
| 8:31 | Build | Farm |
| 8:33 | Build | Farm |
| 8:56 | Build | Lumber Camp |
| 9:14 | Create | Villager (Male) |
| 9:17 | Create | Villager (Male) |
| 9:36 | Create | Villager (Male) |
| 9:36 | Create | Villager (Male) |
| 9:49 | Research | Feudal Age |
| 10:05 | Build | Mining Camp |
| 10:28 | Build | Farm |
| 11:43 | Create | Villager (Male) |
| 11:43 | Create | Villager (Male) |
| 11:54 | Build | House |
| 12:11 | Build | Farm |
| 12:12 | Build | Farm |
| 12:15 | Build | Farm |
| 12:20 | Build | Farm |
| 12:20 | Age | Feudal Age |
| 12:23 | Build | Farm |
| 12:42 | Build | Market |
| 12:49 | Build | Blacksmith |
| 12:53 | Research | Double-Bit Axe |
| 13:15 | Create | Villager (Male) |
| 13:15 | Create | Villager (Male) |
| 13:50 | Research | Wheelbarrow |
| 14:06 | Build | Mining Camp |
| 14:14 | Build | Farm |
| 14:15 | Build | Farm |
| 14:27 | Build | Farm |
| 14:37 | Build | Farm |
| 15:03 | Build | Farm |
| 15:20 | Research | Castle Age |
| 15:43 | Research | Stone Mining |
| 16:16 | Build | House |
| 16:37 | Create | Villager (Male) |
| 16:38 | Create | Villager (Male) |
| 16:38 | Create | Villager (Male) |
| 16:53 | Build | Barracks |
| 18:00 | Age | Castle Age |
| 18:22 | Build | Town Center |
| 18:30 | Research | Bow Saw |
| 18:33 | Research | Horse Collar |
| 18:39 | Research | Stone Shaft Mining |
| 19:26 | Build | House |
| 19:34 | Create | Villager (Male) |
| 19:34 | Create | Villager (Male) |
| 19:34 | Create | Villager (Male) |
| 19:57 | Build | Town Center |
| 20:08 | Create | Spearman |
| 20:08 | Create | Spearman |
| 20:23 | Create | Villager (Male) |
| 20:23 | Create | Villager (Male) |
| 20:23 | Create | Villager (Male) |
| 20:23 | Create | Villager (Male) |
| 20:24 | Create | Villager (Male) |
| 20:30 | Research | Heavy Plow |
| 21:03 | Create | Villager (Male) |
| 21:03 | Create | Villager (Male) |
| 21:03 | Create | Villager (Male) |
| 21:04 | Create | Villager (Male) |
| 21:27 | Build | University |
| 21:35 | Create | Villager (Male) |
| 21:35 | Create | Villager (Male) |
| 21:50 | Create | Villager (Male) |
| 21:50 | Create | Villager (Male) |
| 21:50 | Create | Villager (Male) |
| 22:20 | Create | Militia |
| 22:21 | Create | Militia |
| 22:29 | Build | Castle |
| 22:40 | Research | Forging |
| 23:08 | Research | Fletching |
| 23:12 | Create | Villager (Male) |
| 23:13 | Create | Villager (Male) |
| 23:13 | Create | Villager (Male) |
| 23:13 | Create | Villager (Male) |
| 23:21 | Build | Farm |
| 23:23 | Build | Farm |
| 23:26 | Build | Farm |
| 23:29 | Research | Hand Cart |
| 23:42 | Build | Farm |
| 23:50 | Create | Villager (Male) |
| 23:50 | Create | Villager (Male) |
| 23:50 | Create | Villager (Male) |
| 24:02 | Research | Fortified Wall (upgrade) |
| 24:13 | Build | Mining Camp |
| 24:16 | Create | Chu Ko Nu |
| 24:17 | Create | Chu Ko Nu |
| 24:17 | Create | Chu Ko Nu |
| 24:17 | Create | Chu Ko Nu |
| 24:17 | Create | Chu Ko Nu |
| 24:22 | Research | Padded Archer Armor |
| 24:27 | Build | Farm |
| 24:38 | Build | Farm |
| 24:39 | Build | Farm |
| 24:41 | Build | Farm |
| 24:43 | Build | Farm |
| 24:44 | Build | Farm |
| 24:46 | Build | Farm |
| 24:49 | Build | Farm |
| 24:58 | Create | Villager (Male) |
| 24:58 | Create | Villager (Male) |
| 24:58 | Create | Villager (Male) |
| 25:04 | Research | Gold Mining |
| 25:07 | Create | Villager (Male) ×2 |
| 25:41 | Create | Chu Ko Nu |
| 25:41 | Create | Chu Ko Nu |
| 25:41 | Create | Chu Ko Nu |
| 26:04 | Research | Bodkin Arrow |
| 26:08 | Create | Villager (Male) |
| 26:08 | Create | Villager (Male) |
| 26:09 | Create | Villager (Male) |
| 26:09 | Create | Villager (Male) |
Build order — Myrakaru
First 150 of 382 actions detected
| 0:02 | Create | Villager (Male) ×4 |
| 0:02 | Create | Villager (Male) ×4 |
| 0:02 | Research | Loom |
| 0:03 | Research | Loom |
| 0:06 | Build | House |
| 0:06 | Build | House |
| 0:07 | Build | House |
| 1:36 | Create | Villager (Male) |
| 1:50 | Build | Mill |
| 2:02 | Create | Villager (Male) |
| 2:23 | Create | Villager (Male) |
| 2:43 | Create | Villager (Male) |
| 3:07 | Create | Villager (Male) |
| 3:43 | Create | Villager (Male) |
| 3:43 | Create | Villager (Male) |
| 3:43 | Create | Villager (Male) |
| 3:54 | Build | House |
| 3:55 | Build | House |
| 4:03 | Create | Villager (Male) |
| 4:03 | Create | Villager (Male) |
| 4:29 | Create | Villager (Male) |
| 4:39 | Create | Villager (Male) |
| 4:57 | Create | Villager (Male) |
| 5:21 | Create | Villager (Male) |
| 5:21 | Create | Villager (Male) |
| 6:01 | Create | Villager (Male) |
| 6:14 | Build | Lumber Camp |
| 7:17 | Create | Villager (Male) |
| 7:39 | Create | Villager (Male) |
| 8:10 | Build | House |
| 8:11 | Build | House |
| 8:19 | Create | Villager (Male) |
| 8:44 | Research | Feudal Age |
| 10:10 | Create | Villager (Male) |
| 10:11 | Create | Villager (Male) |
| 10:11 | Create | Villager (Male) |
| 10:24 | Build | Mining Camp |
| 10:30 | Create | Villager (Male) |
| 10:30 | Create | Villager (Male) |
| 10:57 | Age | Feudal Age |
| 11:00 | Create | Villager (Male) |
| 11:00 | Create | Villager (Male) |
| 11:58 | Create | Villager (Male) |
| 12:13 | Build | Market |
| 12:23 | Build | Blacksmith |
| 12:34 | Research | Horse Collar |
| 12:49 | Build | Barracks |
| 13:21 | Build | Farm |
| 13:22 | Build | Farm |
| 13:23 | Build | Farm |
| 13:24 | Build | Farm |
| 13:25 | Build | Farm |
| 13:26 | Build | Farm |
| 13:41 | Build | Farm |
| 13:42 | Build | Farm |
| 13:43 | Build | Farm |
| 13:43 | Build | Farm |
| 13:45 | Build | Farm |
| 13:47 | Build | Farm |
| 13:53 | Create | Villager (Male) |
| 13:54 | Create | Villager (Male) |
| 13:58 | Build | House |
| 13:59 | Build | House |
| 14:00 | Build | House |
| 14:01 | Build | House |
| 14:16 | Build | Mill |
| 14:56 | Build | Archery Range |
| 15:02 | Create | Villager (Male) |
| 15:09 | Build | Farm |
| 15:22 | Create | Villager (Male) |
| 15:26 | Build | Farm |
| 15:37 | Build | Farm |
| 15:40 | Create | Villager (Male) |
| 15:40 | Create | Villager (Male) |
| 15:58 | Build | Farm |
| 16:05 | Build | Farm |
| 16:18 | Create | Villager (Male) |
| 16:30 | Build | Farm |
| 16:36 | Build | Farm |
| 16:47 | Create | Archer |
| 16:47 | Create | Archer |
| 16:48 | Create | Archer |
| 16:48 | Create | Archer |
| 17:01 | Build | Farm |
| 17:13 | Research | Castle Age |
| 17:31 | Research | Fletching |
| 17:34 | Create | Archer |
| 17:35 | Create | Archer |
| 17:35 | Create | Archer |
| 17:35 | Create | Archer |
| 17:35 | Create | Archer |
| 17:50 | Research | Double-Bit Axe |
| 17:55 | Create | Villager (Male) |
| 18:22 | Create | Archer |
| 18:22 | Create | Archer |
| 18:23 | Create | Archer |
| 18:29 | Build | House |
| 18:30 | Build | House |
| 18:36 | Build | House |
| 18:36 | Build | House |
| 18:36 | Build | House |
| 18:44 | Research | Gold Mining |
| 18:49 | Create | Villager (Male) |
| 18:56 | Create | Archer |
| 19:06 | Build | Farm |
| 19:18 | Create | Villager (Male) |
| 19:53 | Age | Castle Age |
| 20:04 | Build | University |
| 20:15 | Research | Bodkin Arrow |
| 20:22 | Build | Monastery |
| 20:37 | Research | Heavy Plow |
| 20:48 | Create | Villager (Male) |
| 20:48 | Create | Villager (Male) |
| 20:52 | Create | Archer |
| 20:52 | Create | Archer |
| 20:53 | Create | Archer |
| 20:53 | Create | Archer |
| 20:53 | Create | Archer |
| 21:01 | Create | Spearman |
| 21:01 | Create | Spearman |
| 21:31 | Create | Villager (Male) |
| 21:31 | Create | Villager (Male) |
| 21:34 | Create | Monk |
| 21:59 | Research | Ballistics |
| 22:31 | Create | Villager (Male) |
| 22:31 | Create | Villager (Male) |
| 22:31 | Create | Villager (Male) |
| 22:40 | Build | Mining Camp |
| 23:30 | Create | Villager (Male) |
| 23:31 | Create | Villager (Male) |
| 23:31 | Create | Villager (Male) |
| 24:35 | Create | Villager (Male) |
| 24:36 | Create | Villager (Male) |
| 24:47 | Research | Imperial Age |
| 24:52 | Research | Padded Archer Armor |
| 25:09 | Create | Villager (Male) |
| 25:09 | Create | Villager (Male) |
| 25:09 | Create | Villager (Male) |
| 25:23 | Create | Archer |
| 25:23 | Create | Archer |
| 25:23 | Create | Archer |
| 26:58 | Research | Crossbowman (upgrade) |
| 26:59 | Research | Thumb Ring |
| 27:02 | Create | Archer |
| 27:02 | Create | Archer |
| 27:03 | Create | Archer |
| 27:15 | Build | Farm |
| 27:16 | Build | Farm |
| 27:17 | Build | Farm |
| 27:18 | Build | Farm |
Build order — TrainArmyPlease
First 150 of 716 actions detected
| 0:01 | Create | Villager (Male) |
| 0:02 | Build | House |
| 0:03 | Build | House |
| 0:11 | Create | Villager (Male) |
| 0:11 | Create | Villager (Male) |
| 0:12 | Create | Villager (Male) |
| 0:12 | Create | Villager (Male) |
| 0:12 | Create | Villager (Male) |
| 1:24 | Create | Villager (Male) |
| 1:24 | Create | Villager (Male) |
| 1:24 | Create | Villager (Male) |
| 1:24 | Create | Villager (Male) |
| 1:52 | Create | Villager (Male) |
| 1:52 | Create | Villager (Male) |
| 1:54 | Build | Lumber Camp |
| 2:26 | Create | Villager (Male) |
| 2:26 | Create | Villager (Male) |
| 3:01 | Create | Villager (Male) |
| 3:01 | Create | Villager (Male) |
| 3:01 | Create | Villager (Male) |
| 3:01 | Create | Villager (Male) |
| 3:32 | Create | Villager (Male) |
| 3:32 | Create | Villager (Male) |
| 3:32 | Create | Villager (Male) |
| 3:33 | Create | Villager (Male) |
| 3:58 | Build | House |
| 4:02 | Build | Mill |
| 4:17 | Create | Villager (Male) |
| 4:17 | Create | Villager (Male) |
| 4:17 | Create | Villager (Male) |
| 4:36 | Create | Villager (Male) |
| 4:36 | Create | Villager (Male) |
| 4:37 | Create | Villager (Male) |
| 4:37 | Create | Villager (Male) |
| 5:05 | Create | Villager (Male) |
| 5:05 | Create | Villager (Male) |
| 5:14 | Create | Villager (Male) |
| 5:14 | Create | Villager (Male) |
| 5:17 | Build | House |
| 5:52 | Create | Villager (Male) |
| 5:52 | Create | Villager (Male) |
| 6:04 | Create | Villager (Male) |
| 6:05 | Create | Villager (Male) |
| 6:05 | Create | Villager (Male) |
| 6:05 | Create | Villager (Male) |
| 6:24 | Build | Mining Camp |
| 7:03 | Create | Villager (Male) |
| 7:03 | Create | Villager (Male) |
| 7:45 | Research | Feudal Age |
| 7:45 | Research | Feudal Age |
| 7:54 | Build | Farm |
| 7:56 | Build | Farm |
| 8:00 | Build | Farm |
| 8:08 | Build | Farm |
| 8:23 | Build | Farm |
| 10:04 | Build | Barracks |
| 10:11 | Age | Feudal Age |
| 10:12 | Research | Wheelbarrow |
| 10:12 | Research | Wheelbarrow |
| 10:14 | Research | Double-Bit Axe |
| 10:14 | Research | Double-Bit Axe |
| 10:30 | Build | House |
| 10:45 | Research | Horse Collar |
| 10:45 | Research | Horse Collar |
| 10:46 | Research | Horse Collar |
| 10:46 | Research | Horse Collar |
| 10:53 | Create | Villager (Male) |
| 10:53 | Create | Villager (Male) |
| 11:08 | Create | Villager (Male) |
| 11:21 | Create | Villager (Male) |
| 11:39 | Create | Villager (Male) |
| 12:03 | Build | Stable |
| 12:10 | Build | Stable |
| 12:18 | Create | Villager (Male) |
| 12:24 | Build | Farm |
| 12:25 | Create | Villager (Male) |
| 12:29 | Create | Villager (Male) |
| 12:32 | Create | Villager (Male) |
| 12:44 | Build | Farm |
| 12:46 | Build | Farm |
| 12:49 | Create | Villager (Male) |
| 13:06 | Build | House |
| 13:12 | Create | Villager (Male) |
| 13:14 | Build | Farm |
| 13:26 | Create | Villager (Male) |
| 13:35 | Build | Farm |
| 13:35 | Create | Villager (Male) |
| 14:05 | Build | Blacksmith |
| 14:09 | Create | Villager (Male) |
| 14:28 | Build | Farm |
| 14:51 | Research | Castle Age |
| 14:51 | Research | Castle Age |
| 14:54 | Build | House |
| 14:58 | Create | Scout Cavalry |
| 14:58 | Create | Scout Cavalry |
| 14:58 | Create | Scout Cavalry |
| 15:09 | Create | Scout Cavalry |
| 15:09 | Create | Scout Cavalry |
| 15:14 | Create | Spearman |
| 15:20 | Build | House |
| 15:37 | Create | Scout Cavalry |
| 17:31 | Age | Castle Age |
| 17:31 | Research | Bow Saw |
| 17:32 | Research | Bow Saw |
| 17:32 | Research | Bow Saw |
| 17:43 | Build | Town Center |
| 17:54 | Build | Monastery |
| 17:59 | Create | Villager (Male) |
| 18:03 | Research | Heavy Plow |
| 18:03 | Research | Heavy Plow |
| 18:06 | Create | Villager (Male) |
| 18:25 | Create | Villager (Male) |
| 18:40 | Create | Monk |
| 18:40 | Create | Monk |
| 18:42 | Create | Villager (Male) |
| 18:42 | Create | Villager (Male) |
| 18:46 | Research | Hand Cart |
| 18:46 | Research | Hand Cart |
| 18:52 | Build | Lumber Camp |
| 19:12 | Create | Spearman |
| 19:20 | Create | Villager (Male) |
| 19:20 | Create | Villager (Male) |
| 19:27 | Create | Villager (Male) |
| 19:27 | Create | Villager (Male) |
| 19:53 | Research | Scale Barding Armor |
| 19:53 | Research | Scale Barding Armor |
| 20:01 | Research | Light Cavalry (upgrade) |
| 20:01 | Research | Light Cavalry (upgrade) |
| 20:01 | Research | Light Cavalry (upgrade) |
| 20:04 | Create | Monk |
| 20:09 | Create | Villager (Male) |
| 20:09 | Create | Villager (Male) |
| 20:14 | Build | Town Center |
| 20:47 | Research | Fervor |
| 20:47 | Research | Fervor |
| 20:49 | Create | Villager (Male) |
| 20:50 | Create | Villager (Male) |
| 20:55 | Create | Villager (Male) |
| 20:59 | Create | Villager (Male) |
| 21:03 | Build | Mining Camp |
| 21:10 | Build | University |
| 21:14 | Create | Villager (Male) |
| 21:15 | Create | Villager (Male) |
| 22:33 | Build | House |
| 22:37 | Create | Villager (Male) |
| 22:52 | Build | Outpost |
| 22:58 | Create | Villager (Male) |
| 22:58 | Create | Villager (Male) |
| 23:21 | Build | Archery Range |
| 23:23 | Build | Archery Range |
Match timeline
| 10:04 | TrainArmyPlease · first_building Barracks |
| 10:11 | TrainArmyPlease · age_up feudal |
| 10:18 | Hectorelchief1 · first_building Barracks |
| 10:57 | Myrakaru · age_up feudal |
| 11:32 | Hectorelchief1 · age_up feudal |
| 12:03 | TrainArmyPlease · first_building Stable |
| 12:20 | chuckKOnorris · age_up feudal |
| 12:49 | Myrakaru · first_building Barracks |
| 14:56 | Myrakaru · first_building Archery Range |
| 16:53 | chuckKOnorris · first_building Barracks |
| 17:11 | Myrakaru · first_market_buy 100 food |
| 17:21 | Hectorelchief1 · first_building Stable |
| 17:31 | TrainArmyPlease · age_up castle |
| 17:44 | Hectorelchief1 · first_building Archery Range |
| 17:54 | Hectorelchief1 · wall_segment Palisade Wall x5 |
| 17:54 | TrainArmyPlease · first_building Monastery |
| 17:55 | Hectorelchief1 · wall_segment Palisade Wall x5 |
| 18:00 | chuckKOnorris · age_up castle |
| 19:53 | Myrakaru · age_up castle |
| 20:11 | Hectorelchief1 · age_up castle |
| 20:22 | Myrakaru · first_building Monastery |
| 22:29 | chuckKOnorris · first_building Castle |
| 22:39 | Hectorelchief1 · first_building Monastery |
| 23:21 | TrainArmyPlease · first_building Archery Range |
| 24:28 | TrainArmyPlease · first_building Castle |
| 24:40 | Myrakaru · first_market_sell 100 wood |
| 25:53 | chuckKOnorris · first_market_sell 500 wood |
| 28:03 | Myrakaru · age_up imperial |
| 28:12 | Myrakaru · first_building Castle |
| 28:23 | Hectorelchief1 · first_market_sell 100 stone |
| 28:40 | TrainArmyPlease · first_market_buy 100 food |
| 28:50 | Hectorelchief1 · first_building Siege Workshop |
| 29:03 | Hectorelchief1 · first_building Castle |
| 30:37 | Myrakaru · first_building Stable |
| 30:57 | TrainArmyPlease · first_building Siege Workshop |
| 31:27 | chuckKOnorris · first_building Archery Range |
| 31:42 | chuckKOnorris · first_building Stable |
| 31:54 | TrainArmyPlease · age_up imperial |
| 32:37 | Hectorelchief1 · first_market_buy 100 food |
| 33:21 | chuckKOnorris · age_up imperial |
| 36:24 | Hectorelchief1 · age_up imperial |
| 39:15 | TrainArmyPlease · first_market_sell 100 stone |
| 43:34 | chuckKOnorris · wall_segment Stone Wall x5 |
| 43:47 | TrainArmyPlease · wall_segment Stone Wall x2 |
| 46:35 | Hectorelchief1 · wall_segment Stone Wall x9 |
| 52:13 | Myrakaru · tribute_sent a jugador 1 |
| 52:13 | Myrakaru · tribute_sent a jugador 3 |
| 52:13 | Myrakaru · tribute_sent a jugador 4 |
| 53:19 | Myrakaru · resign |
[ AI ANALYSIS · 1 CREDIT ]
What really happened in this match?
Wolo.gg analyzes every decision: build order, eco, micro, common mistakes by bracket. Personalized analysis on WhatsApp or Discord in 30 seconds.
Civ guide
Koreans
Map guide
Arena
Perfil
Jugador #5619880